 Dungeon Crawl Stone Soup version 0.29-a0-409-gd843f3a48c (webtiles) character file.

Game seed: 16124425824429188829

270 dolemite99 the Quickloader (level 6, -1/34 HPs)
             Began as a Kobold Arcane Marksman on May 14, 2022.
             Succumbed to an adder's poison
             ... on level 3 of the Dungeon.
             The game lasted 00:02:31 (2421 turns).

dolemite99 the Quickloader (Kobold Arcane Marksman) Turns: 2421, Time: 00:02:32

Health: -1/34      AC:  2    Str:  7    XL:     6   Next: 46%
Magic:  7/7        EV: 15    Int: 21    God:
Gold:   87         SH:  0    Dex: 17    Spells: 6/7 levels left

rFire   . . .      SeeInvis .   a - +1 hand crossbow
rCold   . . .      Faith    .   (no shield)
rNeg    . . .      Spirit   .   i - +0 robe
rPois   .          Reflect  .   (no helmet)
rElec   .          Harm     .   (no cloak)
rCorr   .          Rampage  .   (no gloves)
Will    .....                   (no boots)
Stlth   +++.......              (no amulet)
HPRegen 0.11/turn               g - +6 ring of intelligence
MPRegen 0.10/turn               (no ring)

@: lethally poisoned (-1 -> -14)
A: small, no large weapons, nightstalker 3
a: no special abilities


You were on level 3 of the Dungeon.
You visited 1 branch of the dungeon, and saw 3 of its levels.

You collected 87 gold pieces.

Inventory:

Hand Weapons
 a - a +1 hand crossbow (weapon)
 b - a +1 dagger of electrocution
Missiles
 h - 6 boomerangs
Armour
 e - a +0 ring mail
 i - a +0 robe (worn)
Jewellery
 g - a +6 ring of intelligence (left hand)
Scrolls
 c - a scroll of vulnerability
 k - a scroll of silence {unknown}
Potions
 d - a potion of curing {unknown}
 f - 2 potions of attraction {unknown}


   Skills:
 - Level 1.1 Fighting
 + Level 8.4 Crossbows
 - Level 2.4 Dodging
 - Level 1.1 Spellcasting
 - Level 3.0 Hexes


You had 6 spell levels left.
You knew the following spells:

 Your Spells              Type           Power      Damage    Failure   Level
a - Slow                  Hex            52%        N/A       4%          1

Your spell library contained the following spells:

 Spells                   Type           Power      Damage    Failure   Level
 Apportation              Tloc           2%         N/A       16%         1
 Inner Flame              Hex/Fire       7%         N/A       26%         3
 Portal Projectile        Hex/Tloc       14%        N/A       26%         3
 Cause Fear               Hex            6%         N/A       43%         4
 Alistair's Intoxication  Tmut/Pois      0%         N/A       99%         5
 Discord                  Hex            6%         N/A       100%        8


Dungeon Overview and Level Annotations

Branches:
Dungeon (3/15)

Altars:


Innate Abilities, Weirdness & Mutations

You are small and have problems with some larger weapons.
You are completely attuned to the shadows.


Message History

You are too injured to fight recklessly!
Shoot: a) +1 hand crossbow
Press: ? - help, Shift-Dir - straight line, f/p - orc priest
Aim: an orc priest, wielding a +0 short sword (severely wounded, 66% to hit)
You shoot a bolt. The bolt hits the orc priest.
The orc priest is almost dead.
The adder bites you.
* * * LOW HITPOINT WARNING * * *
You are poisoned.
The adder poisons you!
The orc priest looks satisfied for a moment.
Shoot: a) +1 hand crossbow
Press: ? - help, Shift-Dir - straight line, f/p - orc priest
Aim: an orc priest, wielding a +0 short sword (almost dead, 66% to hit)
You shoot a bolt. The bolt hits the orc priest!
You kill the orc priest!
You feel sick. The adder barely misses you. The adder closely misses you.
Shoot: a) +1 hand crossbow
Press: ? - help, Shift-Dir - straight line, f - adder
Aim: an adder (51% to hit)
You shoot a bolt. The bolt hits the adder!
The adder is severely wounded.
You feel sick. The adder barely misses you.
Shoot: a) +1 hand crossbow
Press: ? - help, Shift-Dir - straight line, f/p - adder
Aim: an adder (severely wounded, 51% to hit)
You shoot a bolt. The bolt closely misses the adder.
You feel sick. The adder bites you.
* * * LOW HITPOINT WARNING * * *
You are lethally poisoned!
The adder poisons you! The adder bites you.
* * * LOW HITPOINT WARNING * * *
You are more poisoned.
The adder poisons you!
Shoot: a) +1 hand crossbow
Press: ? - help, Shift-Dir - straight line, f/p - adder
Aim: an adder (severely wounded, 51% to hit)
You shoot a bolt. The bolt hits the adder!
You kill the adder!
You die...

####
##..###
##...#8###8
#..........
#..........
#...@))....
##...#8##..
#....### ..
#....#
#....#


There were no monsters in sight!

Vanquished Creatures
  Sigmund (D:2)
  An orc priest (D:3)
  6 adders
  A worm (D:2)
  2 orcs (D:3)
  3 ball pythons
  3 bats
  3 endoplasms
  2 giant cockroaches (D:1)
  5 goblins
  3 hobgoblins
  4 frilled lizards
  2 rats (D:2)
36 creatures vanquished.

Notes
Turn   | Place    | Note
-------+----------+-------------------------------------------
     0 | D:1      | dolemite99 the Kobold Arcane Marksman began the quest for
                  | the Orb.
     0 | D:1      | Reached XP level 1. HP: 12/12 MP: 2/2
    87 | D:1      | Reached skill level 3 in Crossbows
   150 | D:1      | Reached XP level 2. HP: 13/16 MP: 3/3
   477 | D:1      | Reached skill level 4 in Crossbows
   962 | D:2      | Reached XP level 3. HP: 20/20 MP: 4/4
  1102 | D:2      | Reached skill level 5 in Crossbows
  1419 | D:2      | Reached XP level 4. HP: 25/25 MP: 5/5
  1460 | D:2      | Noticed Sigmund
  1466 | D:2      | Killed Sigmund
  1467 | D:2      | Reached skill level 7 in Crossbows
  1467 | D:2      | Reached XP level 5. HP: 29/29 MP: 2/6
  1467 | D:2      | Reached XP level 6. HP: 34/34 MP: 2/7
  2095 | D:2      | Reached skill level 8 in Crossbows
  2421 | D:3      | Succumbed to an adder's poison

Illustrated notes

Levels and vault maps discovered:
D:1:      dpeg_arrival_tiny_h, layout_rooms, minmay_pentomino_t2
D:2:      layout_basic, corexii_item_surrounded_by_moat, uniq_sigmund
D:3:      minmay_evil_eye, layout_rooms, nicolae_ecumenical_snake_handling,
          corexii_hall_statues_u

Skill      XL: |  1  2  3  4  5  6 |
---------------+-------------------+-----
Crossbows      | 3 4 5 7 8 |  8.4
Fighting       | |  1.1
Dodging        | |  2.4
Spellcasting   | |  1.1
Hexes          | |  3.0

Action                   |  1- 3 |  4- 6 || total
-------------------------+-------+-------++-------
Melee: Dagger            |       |     4 ||     4
 Fire: Hand crossbow     |    58 |    28 ||    86
 Cast: Slow              |       |     3 ||     3
  Use: Scroll            |     3 |     1 ||     4
       Potion            |       |     1 ||     1
Armor: Robe              |     2 |     3 ||     5
Dodge: Dodged            |    16 |    11 ||    27

Table legend: (Time is in decaauts)
 A = Elapsed time spent in this place.
 B = Non-inter-level travel time spent in this place.
 C = Inter-level travel time spent in this place.
 D = Time resting spent in this place.
 E = Time spent auto-exploring this place.
 F = Levels seen in this place.
 G = Mean time per level.
                   A        B        C        D        E       F      G
               +--------+--------+--------+--------+--------+-----+--------+
         Total |   2437 |   2394 |     43 |   1088 |   1012 |   3 |  812.3 |
       Dungeon |   2437 |   2394 |     43 |   1088 |   1012 |   3 |  812.3 |
               +--------+--------+--------+--------+--------+-----+--------+

Top non-repeatable levels by time:
     D:2: 1531 daAuts
     D:1: 882 daAuts
     D:3: 23 daAuts
